 Dungeon Crawl Stone Soup version 0.24.1-8-ga250c9d538 (webtiles) character file.

Game seed: 17569728701087371712, levelgen mode: deterministic

135 Artanis the Skirmisher (level 5, -5/33 HPs)
             Began as a Gargoyle Fighter on May 7, 2020.
             Killed by divine providence
             ... invoked by an orc priest
              (12 damage)
             ... on level 4 of the Dungeon.
             The game lasted 00:22:19 (3141 turns).

Artanis the Skirmisher (Gargoyle Fighter)           Turns: 3141, Time: 00:22:20

Health: -5/33      AC: 14    Str: 20    XL:     5   Next: 18%
Magic:  5/5        EV:  7    Int:  9    God:
Gold:   165        SH:  9    Dex:  9    Spells: 4/4 levels left

rFire    . . .     SeeInvis .   a - +0 war axe
rCold    . . .     Gourm    .   c - +0 shield
rNeg     + . .     Faith    .   b - +0 scale mail
rPois    ∞         Spirit   .   (no helmet)
rElec    +         Reflect  .   (no cloak)
rCorr    .         Harm     .   (no gloves)
MR       .....                  y - +2 pair of boots
Stlth    ..........             (no amulet)
HPRegen  0.11/turn              (no ring)
MPRegen  0.09/turn              (no ring)

@: no status effects
A: negative energy resistance 1, electricity resistance, unbreathing,
petrification resistance, rot immunity, AC +4
a: no special abilities


You were on level 4 of the Dungeon.
You were not hungry.

You visited 1 branch of the dungeon, and saw 4 of its levels.

You collected 165 gold pieces.

Inventory:

Hand Weapons
 a - a +0 war axe (weapon)
 w - a +0 mace
Missiles
 q - 7 silver javelins (quivered)
Armour
 b - a +0 scale mail (worn)
 c - a +0 shield (worn)
 y - a +2 pair of boots (worn)
Scrolls
 e - 4 scrolls of enchant weapon {unknown}
 g - 8 scrolls of identify {unknown}
 h - 4 scrolls of remove curse {unknown}
 i - a scroll of fear {unknown}
 k - 3 scrolls of immolation {unknown}
 l - 3 scrolls of magic mapping {unknown}
 n - 4 scrolls of teleportation {unknown}
 p - 2 scrolls of fog {unknown}
 r - a scroll of random uselessness {unknown}
 s - a scroll of amnesia {unknown}
 t - a scroll of blinking {unknown}
Potions
 j - a potion of heal wounds {unknown}
 m - 3 potions of curing {unknown}
 o - 2 potions of flight {unknown}
 x - a potion of agility {unknown}
Comestibles
 d - 3 chunks of flesh
 f - 12 rations


   Skills:
 + Level 4.1 Fighting
 - Level 2.5 Axes
 + Level 0.6(1.8) Maces & Flails
 + Level 1.0 Throwing
 + Level 4.1 Armour
 + Level 4.1 Shields


You had 4 spell levels left.
You didn't know any spells.
Your spell library was empty.

Dungeon Overview and Level Annotations

Branches:
Dungeon (4/15)
 Temple: D:4-7

Altars:


Innate Abilities, Weirdness & Mutations

You are resistant to torment.
Your stone body is resilient. (AC +4)
You are immune to poison.
You resist negative energy. (rN+)
You are resistant to electric shocks. (rElec)
You can survive without breathing.
You are immune to petrification.
You are immune to rotting.


Message History

You completely miss the orc.
The orc shouts!
You block the orc's attack.
The orc priest begins to cast a cantrip, but forgets the words!
You hit the orc but do no damage. You block the orc's attack.
You hit the orc.
The orc is moderately wounded.
The orc hits you but does no damage. You block the orc's attack.
The orc priest mumbles some strange prayers to Beogh against you.
Beogh smites you!
* * * LOW HITPOINT WARNING * * *
You hit the orc but do no damage.
The orc is moderately wounded.
The orc hits you but does no damage.
The orc priest calls upon Beogh to heal the orc.
The orc's wounds heal themselves!
You barely miss the orc. You hit the orc. The orc barely misses you.
The orc priest calls down the wrath of Beogh upon you.
Beogh smites you!
You die...

##..$..# ##....#<.....# #......#
#....#......# #......#
#....#......# #....o.
#....#......# #....##
#....#......#
##...o.#######...##..)..#
#......#...#.....##.....#
##..........#o....#.....#
#.........o'o@...).....#
#.......>...#.....#.....#
..#.....##...##...[##...>.#
..##....##...########....########
..##....##.........#.....##.....#
..##.....#.........#......'......
.........#.........+......#......
........##...##....##.....#......
........##...########.....#......


You could see an orc priest and 2 orcs.

Vanquished Creatures
  Natasha (D:4)
  2 adders
  An ooze (D:1)
  An adder skeleton (D:4)
  A dart slug (D:1)
  2 leopard geckos (D:3)
  6 orcs (D:4)
  4 giant cockroaches
  6 goblins (D:1)
  6 hobgoblins
  4 jackals (D:2)
  A kobold (D:2)
  4 quokkas
  A ball python (D:2)
  8 bats
  6 frilled lizards
  25 rats
79 creatures vanquished.

Notes
Turn   | Place    | Note
-------+----------+-------------------------------------------
     0 | D:1      | Artanis the Gargoyle Fighter began the quest for the Orb.
     0 | D:1      | Reached XP level 1. HP: 14/14 MP: 1/1
    77 | D:1      | Reached XP level 2. HP: 19/19 MP: 2/2
   469 | D:1      | Reached XP level 3. HP: 23/23 MP: 3/3
  2252 | D:3      | Reached XP level 4. HP: 26/29 MP: 4/4
  2906 | D:4      | Noticed Natasha
  2917 | D:4      | Killed Natasha
  2917 | D:4      | Reached skill level 1 in Throwing
  2917 | D:4      | Reached XP level 5. HP: 23/33 MP: 5/5
  3141 | D:4      | Killed from afar by an orc priest

Levels and vault maps discovered:
D:1:      wander_arrival_fairy_ring, layout_rooms
D:2:      layout_rooms, serial_co_window_serial, co_window_paths_b,
          co_window_of_opportunity_a, co_window_corner_a,
          co_window_of_opportunity_a, co_window_paths_b,
          co_window_of_opportunity_b, co_window_corner_cb, co_window_broadway_b,
          co_window_broadway_a, co_window_paths_e
D:3:      layout_loops_corners, minmay_misc_feat_ornament, supply_closet_lemuel,
          st_stairs_7, minmay_rat_hole
D:4:      layout_gridville, uniq_natasha

Skill      XL: |  1  2  3  4 |
---------------+-------------+-----
Axes           | 2 |  2.5
Fighting       | 4 |  4.1
Armour         | 4 |  4.1
Throwing       | 1 |  1.0
Shields        | 4 |  4.1
Maces & Flails | |  0.6

Action                   |  1- 3 |  4- 6 || total
-------------------------+-------+-------++-------
Melee: War axe           |   166 |    94 ||   260
  Use: Potion            |       |     1 ||     1
  Eat: Chunk             |     4 |     4 ||     8
Armor: Scale mail        |   127 |    48 ||   175
Dodge: Dodged            |    78 |    24 ||   102
Block: Shield            |    96 |    37 ||   133
